[ AOE2 MATCH · #474343690 ]
UnrankedBengalis vs Dravidians
[ REPLAY ANALYSIS · EXTRACTED FROM THE RECORDED GAME ]
Feudal
9:21
Castle
19:13
Imperial
—
| APM avg | 37.9 |
| APM peak | 76 |
| eAPM avg | 21.9 |
| Villagers / military | 118 / 7 |
Focus
⚔️ 10.4% · 🌾 89.6%
Mangonel ×7
Feudal
9:08
Castle
—
Imperial
—
| APM avg | 39.5 |
| APM peak | 79 |
| eAPM avg | 19.5 |
| Villagers / military | 52 / 40 |
Focus
⚔️ 45.7% · 🌾 54.3%
Archer ×33 · Militia ×5 · Spearman ×2
Feudal
8:51
Castle
21:38
Imperial
—
| APM avg | 67.4 |
| APM peak | 143 |
| eAPM avg | 36.5 |
| Villagers / military | 93 / 49 |
Focus
⚔️ 50.6% · 🌾 49.4%
Archer ×32 · Cavalry Archer ×16 · Monk ×1
Feudal
10:34
Castle
16:46
Imperial
—
| APM avg | 24.7 |
| APM peak | 56 |
| eAPM avg | 14.7 |
| Villagers / military | 54 / 36 |
Focus
⚔️ 32.8% · 🌾 67.2%
Knight ×23 · Battering Ram ×6 · Monk ×4 · Scout Cavalry ×3
Feudal
10:57
Castle
14:31
Imperial
—
| APM avg | 56.2 |
| APM peak | 98 |
| eAPM avg | 28.6 |
| Villagers / military | 99 / 35 |
Focus
⚔️ 22.7% · 🌾 77.3%
Knight ×31 · Monk ×3 · Scout Cavalry ×1
Feudal
10:34
Castle
14:32
Imperial
—
| APM avg | 29.2 |
| APM peak | 53 |
| eAPM avg | 10.0 |
| Villagers / military | 43 / 18 |
Focus
⚔️ 16.7% · 🌾 83.3%
Camel Scout ×10 · Knight ×7 · Monk ×1
Match map
Initial resources + every placement click. Lines = walls · curves = elevation contours. ◆ gold · ⬟ stone · ● berries · ✦ relic · ◌ wall gap
Your base· ✓ Closed at 19:13 · 24t walls · 4 gate(s)
Nicholai's base· ✓ Closed at 12:00 · 0t walls · 3 gate(s)
Plebadin's base· ✓ Closed at 21:38 · 2t walls · 3 gate(s)
大庆Song's base· ✓ Closed at 16:46 · 0t walls · 2 gate(s)
PicknWiz's base· ✓ Closed at 14:31 · 0t walls · 3 gate(s)
gjizhijian6866's base· ✓ Closed at 14:32 · 0t walls · 4 gate(s)
Smoothed initial terrain · ◌ = detected wall gap · hover for details
Inputs per minute
— YYY___YYY - - Nicholai
Build order — YYY___YYY
First 150 of 230 actions detected
| 0:01 | Create | Villager (Male) |
| 0:01 | Create | Villager (Male) |
| 0:02 | Create | Villager (Male) |
| 0:04 | Build | House |
| 0:05 | Build | House |
| 0:13 | Create | Villager (Male) |
| 0:13 | Create | Villager (Male) |
| 1:25 | Create | Villager (Male) |
| 1:25 | Create | Villager (Male) |
| 2:03 | Create | Villager (Male) |
| 2:03 | Create | Villager (Male) |
| 2:27 | Build | Lumber Camp |
| 2:27 | Create | Villager (Male) |
| 2:28 | Create | Villager (Male) |
| 2:34 | Create | Villager (Male) |
| 2:34 | Create | Villager (Male) |
| 3:05 | Create | Villager (Male) |
| 3:36 | Create | Villager (Male) |
| 3:56 | Build | House |
| 4:00 | Create | Villager (Male) |
| 4:02 | Create | Villager (Male) |
| 4:29 | Create | Villager (Male) |
| 4:29 | Create | Villager (Male) |
| 5:04 | Build | House |
| 5:08 | Build | Mill |
| 5:12 | Create | Villager (Male) |
| 5:25 | Create | Villager (Male) |
| 6:06 | Create | Villager (Male) |
| 6:06 | Create | Villager (Male) |
| 7:11 | Research | Feudal Age |
| 7:11 | Research | Feudal Age |
| 7:31 | Build | Mining Camp |
| 8:10 | Build | Farm |
| 8:13 | Build | Farm |
| 8:19 | Create | Villager (Male) |
| 8:48 | Create | Villager (Male) |
| 9:21 | Age | Feudal Age |
| 9:26 | Research | Horse Collar |
| 9:29 | Research | Double-Bit Axe |
| 9:31 | Create | Villager (Male) |
| 9:35 | Build | House |
| 9:37 | Build | House |
| 9:46 | Build | Farm |
| 9:50 | Create | Villager (Male) |
| 9:54 | Build | Farm |
| 10:19 | Create | Villager (Male) |
| 10:30 | Build | Farm |
| 10:47 | Create | Villager (Male) |
| 10:58 | Create | Villager (Male) |
| 11:30 | Create | Villager (Male) |
| 11:42 | Build | Market |
| 11:45 | Build | Palisade Wall |
| 11:56 | Build | Mining Camp |
| 11:59 | Create | Villager (Male) |
| 12:21 | Create | Villager (Male) |
| 12:39 | Build | Watch Tower |
| 12:44 | Research | Loom |
| 12:50 | Build | Blacksmith |
| 13:04 | Create | Villager (Male) |
| 13:05 | Create | Villager (Male) |
| 13:26 | Build | Palisade Wall |
| 13:37 | Create | Villager (Male) |
| 13:37 | Create | Villager (Male) |
| 13:37 | Create | Villager (Male) |
| 13:44 | Build | Watch Tower |
| 13:54 | Research | Fletching |
| 14:08 | Create | Villager (Male) |
| 14:08 | Create | Villager (Male) |
| 14:14 | Build | House |
| 14:48 | Build | Farm |
| 14:49 | Build | Farm |
| 15:20 | Build | Farm |
| 15:24 | Build | Farm |
| 15:54 | Create | Villager (Male) |
| 16:04 | Build | Mining Camp |
| 16:20 | Build | Farm |
| 16:22 | Build | Farm |
| 16:33 | Research | Castle Age |
| 16:33 | Research | Castle Age |
| 16:38 | Build | House |
| 17:10 | Research | Gold Mining |
| 17:17 | Build | House |
| 17:25 | Create | Villager (Male) |
| 17:46 | Build | House |
| 17:53 | Build | House |
| 18:13 | Build | Stone Wall |
| 18:26 | Build | Stone Wall |
| 18:34 | Create | Villager (Male) |
| 18:43 | Build | Gate |
| 18:44 | Create | Villager (Male) |
| 18:44 | Create | Villager (Male) |
| 19:01 | Build | Stone Wall |
| 19:13 | Age | Castle Age |
| 19:22 | Build | Town Center |
| 19:35 | Build | Gate |
| 19:52 | Build | Stone Wall |
| 20:08 | Build | Stone Wall |
| 20:15 | Research | Bow Saw |
| 20:15 | Research | Bow Saw |
| 20:29 | Research | Wheelbarrow |
| 20:38 | Create | Villager (Male) |
| 20:39 | Create | Villager (Male) |
| 20:47 | Build | Castle |
| 21:00 | Research | Bodkin Arrow |
| 21:16 | Create | Villager (Male) |
| 21:16 | Create | Villager (Male) |
| 21:36 | Create | Villager (Male) |
| 21:36 | Create | Villager (Male) |
| 21:47 | Create | Villager (Male) |
| 22:01 | Build | Town Center |
| 22:06 | Create | Villager (Male) |
| 22:12 | Create | Villager (Male) |
| 22:16 | Build | House |
| 22:19 | Build | Palisade Wall |
| 22:20 | Build | House |
| 22:29 | Create | Villager (Male) |
| 22:29 | Create | Villager (Male) |
| 22:41 | Build | Farm |
| 22:44 | Create | Villager (Male) |
| 22:44 | Create | Villager (Male) |
| 22:54 | Build | Farm |
| 22:54 | Build | Farm |
| 22:54 | Build | Farm |
| 22:55 | Build | Farm |
| 22:55 | Build | Farm |
| 22:55 | Build | Farm |
| 22:56 | Build | Farm |
| 22:56 | Build | Farm |
| 22:56 | Build | Farm |
| 22:56 | Build | Farm |
| 23:13 | Build | Siege Workshop |
| 23:16 | Create | Villager (Male) |
| 23:16 | Create | Villager (Male) |
| 23:36 | Build | Farm |
| 23:37 | Build | Farm |
| 23:38 | Create | Villager (Male) |
| 23:42 | Create | Mangonel |
| 23:42 | Create | Mangonel |
| 23:45 | Build | Farm |
| 23:53 | Create | Villager (Male) |
| 23:53 | Create | Villager (Male) |
| 23:54 | Create | Villager (Male) |
| 23:58 | Build | Farm |
| 24:00 | Build | Farm |
| 24:05 | Create | Villager (Male) |
| 24:05 | Create | Villager (Male) |
| 24:09 | Create | Villager (Male) |
| 24:09 | Create | Villager (Male) |
| 24:18 | Build | Mining Camp |
| 24:21 | Build | Farm |
Build order — Nicholai
139 actions detected in the replay
| 0:01 | Create | Villager (Male) ×4 |
| 0:02 | Create | Villager (Male) ×4 |
| 0:03 | Build | House |
| 0:04 | Build | House |
| 1:28 | Create | Villager (Male) |
| 1:29 | Create | Villager (Male) |
| 1:45 | Build | Lumber Camp |
| 2:01 | Create | Villager (Male) |
| 2:01 | Create | Villager (Male) |
| 2:16 | Create | Villager (Male) |
| 2:49 | Create | Villager (Male) |
| 2:49 | Create | Villager (Male) |
| 2:49 | Create | Villager (Male) |
| 3:03 | Create | Villager (Male) |
| 3:03 | Create | Villager (Male) |
| 3:38 | Create | Villager (Male) |
| 3:38 | Create | Villager (Male) |
| 4:12 | Create | Villager (Male) |
| 4:12 | Create | Villager (Male) |
| 4:19 | Build | House |
| 4:27 | Create | Villager (Male) |
| 5:00 | Create | Villager (Male) |
| 5:00 | Create | Villager (Male) |
| 5:32 | Create | Villager (Male) |
| 5:33 | Create | Villager (Male) |
| 5:45 | Build | Barracks |
| 6:19 | Create | Villager (Male) |
| 6:58 | Research | Feudal Age |
| 6:58 | Research | Feudal Age |
| 7:02 | Build | Mining Camp |
| 7:19 | Create | Militia |
| 7:19 | Create | Militia |
| 7:22 | Build | House |
| 7:45 | Create | Militia |
| 8:06 | Create | Militia |
| 8:34 | Build | House |
| 9:08 | Age | Feudal Age |
| 9:12 | Create | Villager (Male) |
| 9:14 | Research | Man-at-Arms (upgrade) |
| 9:16 | Create | Villager (Male) |
| 9:20 | Build | Archery Range |
| 9:21 | Build | Mill |
| 9:22 | Create | Villager (Male) |
| 9:23 | Create | Militia |
| 9:41 | Create | Villager (Male) |
| 9:45 | Build | House |
| 10:03 | Create | Archer |
| 10:07 | Build | Blacksmith |
| 10:21 | Research | Double-Bit Axe |
| 10:21 | Research | Double-Bit Axe |
| 10:38 | Create | Archer |
| 10:46 | Create | Villager (Male) |
| 10:46 | Create | Villager (Male) |
| 10:49 | Create | Archer |
| 10:49 | Create | Archer |
| 11:09 | Research | Fletching |
| 11:09 | Research | Fletching |
| 11:10 | Create | Archer |
| 11:13 | Build | Farm |
| 11:14 | Build | Farm |
| 11:25 | Build | Farm |
| 11:27 | Build | House |
| 11:32 | Create | Archer |
| 11:38 | Create | Villager (Male) |
| 11:38 | Create | Villager (Male) |
| 12:17 | Create | Villager (Male) |
| 12:20 | Build | Archery Range |
| 12:20 | Create | Archer |
| 12:33 | Create | Archer |
| 12:43 | Create | Villager (Male) |
| 12:45 | Build | Farm |
| 12:46 | Create | Villager (Male) |
| 12:46 | Create | Villager (Male) |
| 13:01 | Create | Archer |
| 13:15 | Create | Villager (Male) |
| 13:35 | Create | Archer |
| 13:35 | Create | Archer |
| 13:36 | Build | House |
| 13:37 | Build | House |
| 13:44 | Create | Villager (Male) |
| 13:46 | Build | Farm |
| 13:48 | Build | Farm |
| 13:49 | Create | Archer |
| 14:13 | Create | Villager (Male) |
| 14:17 | Build | Farm |
| 14:19 | Build | Farm |
| 14:19 | Create | Archer |
| 14:20 | Create | Archer |
| 14:40 | Create | Archer |
| 14:41 | Create | Villager (Male) |
| 14:43 | Build | House |
| 14:45 | Build | Farm |
| 14:46 | Create | Villager (Male) |
| 14:48 | Build | Farm |
| 15:04 | Create | Archer |
| 15:04 | Create | Archer |
| 15:34 | Create | Archer |
| 15:34 | Create | Archer |
| 15:36 | Create | Villager (Male) |
| 15:39 | Build | Farm |
| 16:02 | Create | Archer |
| 16:02 | Create | Archer |
| 16:09 | Create | Villager (Male) |
| 16:11 | Build | Farm |
| 16:13 | Create | Villager (Male) |
| 16:22 | Create | Villager (Male) |
| 16:26 | Build | Farm |
| 16:29 | Create | Villager (Male) |
| 16:31 | Create | Archer |
| 16:32 | Create | Archer |
| 16:41 | Build | Farm |
| 17:06 | Create | Archer |
| 17:22 | Create | Spearman |
| 17:22 | Create | Spearman |
| 17:23 | Build | Farm |
| 17:24 | Build | Farm |
| 17:34 | Create | Archer |
| 17:37 | Build | House |
| 17:44 | Create | Villager (Male) |
| 17:48 | Build | Lumber Camp |
| 17:50 | Build | Farm |
| 18:03 | Create | Archer |
| 18:09 | Build | Farm |
| 18:09 | Create | Villager (Male) |
| 18:19 | Build | House |
| 18:26 | Build | Palisade Wall |
| 18:30 | Build | Palisade Wall |
| 18:43 | Build | House |
| 18:54 | Create | Archer |
| 18:54 | Create | Archer |
| 18:54 | Create | Archer |
| 18:57 | Build | House |
| 19:12 | Build | House |
| 19:14 | Build | House |
| 19:24 | Create | Archer |
| 19:24 | Create | Archer |
| 19:36 | Create | Archer |
| 19:36 | Create | Archer |
| 20:20 | Research | Loom |
Build order — Plebadin
First 150 of 243 actions detected
| 0:01 | Create | Villager (Male) |
| 0:01 | Create | Villager (Male) |
| 0:02 | Build | House |
| 0:02 | Build | House |
| 0:05 | Build | House |
| 0:06 | Create | Villager (Male) |
| 0:10 | Create | Villager (Male) |
| 0:10 | Create | Villager (Male) |
| 0:11 | Create | Villager (Male) |
| 1:02 | Create | Villager (Male) |
| 1:02 | Create | Villager (Male) |
| 1:31 | Create | Villager (Male) |
| 1:31 | Create | Villager (Male) |
| 1:44 | Build | Lumber Camp |
| 2:02 | Create | Villager (Male) |
| 2:02 | Create | Villager (Male) |
| 2:02 | Create | Villager (Male) |
| 2:15 | Create | Villager (Male) |
| 2:15 | Create | Villager (Male) |
| 3:03 | Create | Villager (Male) |
| 3:04 | Create | Villager (Male) |
| 3:15 | Create | Villager (Male) |
| 3:15 | Create | Villager (Male) |
| 3:51 | Build | House |
| 3:53 | Build | House |
| 3:55 | Create | Villager (Male) |
| 3:55 | Create | Villager (Male) |
| 3:55 | Create | Villager (Male) |
| 4:16 | Create | Villager (Male) |
| 4:32 | Create | Villager (Male) |
| 5:02 | Create | Villager (Male) |
| 5:20 | Create | Villager (Male) |
| 5:42 | Build | Mining Camp |
| 6:01 | Create | Villager (Male) |
| 6:36 | Research | Feudal Age |
| 7:38 | Build | House |
| 7:59 | Build | Barracks |
| 8:34 | Create | Villager (Male) |
| 8:51 | Age | Feudal Age |
| 9:01 | Build | Archery Range |
| 9:02 | Build | Archery Range |
| 9:15 | Create | Villager (Male) |
| 9:15 | Create | Villager (Male) |
| 9:41 | Create | Villager (Male) |
| 9:53 | Create | Archer |
| 9:57 | Build | House |
| 10:01 | Build | Blacksmith |
| 10:05 | Build | House |
| 10:08 | Create | Villager (Male) |
| 10:08 | Create | Villager (Male) |
| 10:29 | Create | Archer |
| 10:31 | Create | Archer |
| 10:50 | Create | Archer |
| 10:50 | Create | Archer |
| 10:55 | Build | Mill |
| 10:58 | Research | Fletching |
| 10:59 | Research | Fletching |
| 11:03 | Create | Villager (Male) |
| 11:04 | Create | Villager (Male) |
| 11:21 | Create | Archer |
| 11:25 | Create | Villager (Male) |
| 11:29 | Create | Villager (Male) |
| 11:41 | Create | Archer |
| 11:48 | Build | House |
| 12:08 | Create | Archer |
| 12:20 | Build | Palisade Wall |
| 12:25 | Create | Archer |
| 12:27 | Create | Villager (Male) |
| 12:30 | Build | Farm |
| 12:35 | Build | Farm |
| 12:46 | Build | House |
| 12:50 | Create | Villager (Male) |
| 12:50 | Create | Villager (Male) |
| 13:00 | Create | Archer |
| 13:05 | Create | Villager (Male) |
| 13:07 | Build | Farm |
| 13:15 | Create | Villager (Male) |
| 13:36 | Build | Farm |
| 13:41 | Create | Archer |
| 13:41 | Create | Archer |
| 13:57 | Research | Padded Archer Armor |
| 14:14 | Build | Farm |
| 14:36 | Create | Villager (Male) |
| 14:38 | Build | Farm |
| 14:39 | Build | Farm |
| 14:39 | Create | Archer |
| 14:39 | Create | Archer |
| 14:52 | Build | Palisade Gate |
| 14:57 | Build | Palisade Wall |
| 15:01 | Create | Archer |
| 15:18 | Create | Archer |
| 15:19 | Create | Archer |
| 15:19 | Create | Villager (Male) |
| 15:22 | Build | Farm |
| 15:43 | Create | Archer |
| 15:48 | Create | Villager (Male) |
| 16:08 | Build | House |
| 16:09 | Build | House |
| 16:17 | Build | House |
| 16:18 | Create | Villager (Male) |
| 16:21 | Build | Farm |
| 16:22 | Build | Farm |
| 16:28 | Create | Archer |
| 16:28 | Create | Archer |
| 16:31 | Create | Villager (Male) |
| 16:50 | Build | House |
| 17:17 | Create | Villager (Male) |
| 17:18 | Build | Market |
| 17:23 | Build | Market |
| 17:28 | Create | Villager (Male) |
| 17:33 | Build | Farm |
| 17:33 | Build | Farm |
| 17:37 | Create | Archer |
| 17:37 | Create | Archer |
| 17:47 | Create | Villager (Male) |
| 18:15 | Create | Archer |
| 18:32 | Build | Farm |
| 18:34 | Build | Farm |
| 18:36 | Build | Farm |
| 18:38 | Build | Farm |
| 18:40 | Create | Archer |
| 18:47 | Create | Archer |
| 18:58 | Research | Castle Age |
| 18:58 | Research | Castle Age |
| 19:27 | Create | Archer |
| 19:29 | Create | Archer |
| 19:38 | Create | Archer |
| 19:54 | Create | Archer |
| 19:58 | Build | House |
| 20:02 | Create | Archer |
| 20:06 | Create | Villager (Male) |
| 20:23 | Create | Archer |
| 20:31 | Build | House |
| 20:33 | Create | Villager (Male) |
| 20:36 | Create | Archer |
| 21:04 | Build | House |
| 21:08 | Create | Villager (Male) |
| 21:15 | Research | Horse Collar |
| 21:16 | Research | Double-Bit Axe |
| 21:16 | Research | Double-Bit Axe |
| 21:29 | Create | Villager (Male) |
| 21:38 | Age | Castle Age |
| 21:42 | Research | Crossbowman (upgrade) |
| 21:43 | Research | Bodkin Arrow |
| 21:43 | Create | Villager (Male) |
| 21:50 | Build | Town Center |
| 22:01 | Build | Town Center |
| 22:06 | Build | Farm |
| 22:26 | Research | Bow Saw |
| 22:26 | Research | Bow Saw |
Build order — 大庆Song
First 150 of 163 actions detected
| 0:03 | Create | Villager (Male) |
| 0:03 | Create | Villager (Male) |
| 0:04 | Build | House |
| 0:06 | Build | House |
| 0:08 | Create | Villager (Male) |
| 0:09 | Create | Villager (Male) |
| 0:22 | Create | Villager (Male) |
| 0:22 | Create | Villager (Male) |
| 0:22 | Create | Villager (Male) |
| 1:43 | Create | Villager (Male) |
| 2:06 | Build | Lumber Camp |
| 2:35 | Create | Villager (Male) |
| 2:39 | Create | Villager (Male) |
| 2:40 | Create | Villager (Male) |
| 3:35 | Create | Villager (Male) |
| 3:47 | Build | House |
| 3:51 | Create | Villager (Male) |
| 4:33 | Create | Villager (Male) |
| 4:54 | Create | Villager (Male) |
| 5:10 | Create | Villager (Male) |
| 5:32 | Build | Mill |
| 5:49 | Create | Villager (Male) |
| 6:16 | Build | House |
| 6:19 | Create | Villager (Male) |
| 6:40 | Create | Villager (Male) |
| 7:03 | Create | Villager (Male) |
| 7:31 | Create | Villager (Male) |
| 7:44 | Build | Farm |
| 7:49 | Create | Villager (Male) |
| 7:53 | Build | Mining Camp |
| 8:02 | Build | Farm |
| 8:08 | Build | Farm |
| 8:22 | Research | Feudal Age |
| 8:35 | Build | Farm |
| 8:53 | Build | House |
| 9:49 | Create | Villager (Male) |
| 10:17 | Build | Barracks |
| 10:34 | Create | Villager (Male) |
| 10:34 | Age | Feudal Age |
| 11:10 | Build | Stable |
| 11:20 | Create | Villager (Male) |
| 11:33 | Build | House |
| 11:43 | Create | Villager (Male) |
| 11:49 | Build | Watch Tower |
| 11:52 | Create | Scout Cavalry |
| 12:08 | Build | Blacksmith |
| 12:11 | Create | Villager (Male) |
| 12:36 | Create | Villager (Male) |
| 12:38 | Create | Scout Cavalry |
| 12:55 | Create | Villager (Male) |
| 12:56 | Build | House |
| 13:38 | Create | Villager (Male) |
| 13:43 | Build | House |
| 14:06 | Research | Castle Age |
| 14:07 | Research | Castle Age |
| 14:18 | Build | Mining Camp |
| 14:27 | Build | Stable |
| 14:30 | Build | House |
| 14:55 | Research | Scale Barding Armor |
| 14:55 | Research | Scale Barding Armor |
| 14:58 | Research | Double-Bit Axe |
| 15:18 | Create | Scout Cavalry |
| 15:30 | Research | Horse Collar |
| 15:41 | Build | House |
| 15:50 | Build | Farm |
| 15:51 | Build | Farm |
| 15:58 | Build | Farm |
| 16:00 | Build | Farm |
| 16:06 | Research | Bloodlines |
| 16:25 | Build | Farm |
| 16:26 | Build | Farm |
| 16:46 | Age | Castle Age |
| 16:48 | Create | Knight |
| 16:52 | Create | Knight |
| 16:52 | Create | Knight |
| 17:10 | Create | Villager (Male) |
| 17:11 | Create | Villager (Male) |
| 17:18 | Build | Farm |
| 17:33 | Build | Farm |
| 17:39 | Create | Knight |
| 17:53 | Create | Villager (Male) |
| 18:21 | Create | Knight |
| 18:23 | Create | Villager (Male) |
| 18:38 | Create | Villager (Male) |
| 18:47 | Build | House |
| 18:52 | Create | Villager (Male) |
| 19:01 | Build | Farm |
| 19:11 | Build | Monastery |
| 19:24 | Create | Knight |
| 19:26 | Create | Knight |
| 19:27 | Create | Knight |
| 19:32 | Build | Farm |
| 19:43 | Create | Villager (Male) |
| 19:49 | Build | Farm |
| 19:50 | Build | Farm |
| 20:05 | Create | Knight |
| 20:14 | Create | Monk |
| 20:42 | Build | Siege Workshop |
| 20:46 | Create | Knight |
| 20:47 | Create | Knight |
| 20:49 | Create | Villager (Male) |
| 21:02 | Create | Monk |
| 21:22 | Create | Villager (Male) |
| 21:35 | Build | House |
| 21:38 | Build | House |
| 21:56 | Create | Monk |
| 21:59 | Research | Wheelbarrow |
| 22:00 | Research | Loom |
| 22:03 | Build | Farm |
| 22:09 | Build | Town Center |
| 22:28 | Research | Bow Saw |
| 22:35 | Research | Gold Mining |
| 23:35 | Research | Chain Barding Armor |
| 23:36 | Create | Battering Ram |
| 23:37 | Create | Battering Ram |
| 23:41 | Create | Villager (Male) |
| 23:47 | Create | Villager (Male) |
| 23:50 | Create | Villager (Male) |
| 23:51 | Create | Villager (Male) |
| 24:00 | Create | Battering Ram |
| 24:09 | Create | Villager (Male) |
| 24:13 | Create | Villager (Male) |
| 24:18 | Create | Monk |
| 24:31 | Create | Battering Ram |
| 24:33 | Create | Villager (Male) |
| 24:35 | Create | Villager (Male) |
| 24:38 | Build | Farm |
| 24:44 | Create | Knight |
| 24:53 | Create | Villager (Male) |
| 25:03 | Create | Villager (Male) |
| 25:06 | Build | Farm |
| 25:09 | Build | Farm |
| 25:23 | Create | Knight |
| 25:25 | Create | Battering Ram |
| 25:31 | Create | Villager (Male) |
| 25:34 | Build | Farm |
| 25:41 | Create | Villager (Male) |
| 25:53 | Create | Knight |
| 25:54 | Create | Villager (Male) |
| 26:00 | Build | House |
| 26:02 | Build | House |
| 26:02 | Build | House |
| 26:03 | Build | House |
| 26:09 | Research | Forging |
| 26:09 | Research | Forging |
| 26:19 | Create | Battering Ram |
| 27:04 | Create | Knight |
| 27:05 | Create | Knight |
| 27:09 | Build | House |
| 27:10 | Build | House |
Build order — PicknWiz
First 150 of 258 actions detected
| 0:02 | Create | Villager (Male) ×4 |
| 0:03 | Build | House |
| 0:04 | Build | House |
| 1:37 | Create | Villager (Male) |
| 1:38 | Create | Villager (Male) |
| 1:57 | Build | Lumber Camp |
| 2:03 | Create | Villager (Male) |
| 2:04 | Create | Villager (Male) |
| 2:04 | Create | Villager (Male) |
| 2:31 | Create | Villager (Male) |
| 2:31 | Create | Villager (Male) |
| 3:21 | Create | Villager (Male) |
| 3:21 | Create | Villager (Male) |
| 3:52 | Build | House |
| 4:03 | Create | Villager (Male) |
| 4:03 | Create | Villager (Male) |
| 4:14 | Create | Villager (Male) |
| 4:15 | Create | Villager (Male) |
| 4:15 | Create | Villager (Male) |
| 5:24 | Create | Villager (Male) |
| 5:40 | Build | House |
| 5:46 | Create | Villager (Male) |
| 5:47 | Create | Villager (Male) |
| 6:02 | Build | Mill |
| 6:05 | Create | Villager (Male) |
| 6:11 | Create | Villager (Male) |
| 7:09 | Create | Villager (Male) |
| 7:18 | Build | House |
| 7:25 | Create | Villager (Male) |
| 8:10 | Create | Villager (Male) |
| 8:28 | Build | Mining Camp |
| 8:44 | Research | Feudal Age |
| 8:52 | Create | Villager (Male) |
| 8:52 | Create | Villager (Male) |
| 9:28 | Build | Farm |
| 9:32 | Build | Farm |
| 10:16 | Build | Barracks |
| 10:57 | Age | Feudal Age |
| 11:01 | Build | Stable |
| 11:16 | Build | Blacksmith |
| 11:51 | Research | Castle Age |
| 11:52 | Research | Castle Age |
| 11:58 | Build | Farm |
| 11:59 | Build | Farm |
| 12:12 | Build | Farm |
| 12:15 | Build | Farm |
| 12:37 | Research | Double-Bit Axe |
| 12:37 | Research | Double-Bit Axe |
| 12:44 | Research | Horse Collar |
| 12:44 | Research | Horse Collar |
| 12:45 | Research | Horse Collar |
| 13:31 | Research | Gold Mining |
| 13:43 | Create | Villager (Male) |
| 13:48 | Build | Farm |
| 14:31 | Age | Castle Age |
| 14:33 | Build | Town Center |
| 14:35 | Build | House |
| 14:36 | Create | Knight |
| 14:38 | Create | Villager (Male) |
| 14:40 | Research | Scale Barding Armor |
| 14:54 | Build | Farm |
| 14:55 | Build | Farm |
| 15:09 | Create | Villager (Male) |
| 15:09 | Create | Knight |
| 15:11 | Create | Villager (Male) |
| 15:18 | Build | House |
| 15:18 | Build | House |
| 15:34 | Create | Knight |
| 15:37 | Build | Farm |
| 16:07 | Create | Villager (Male) |
| 16:07 | Create | Villager (Male) |
| 16:14 | Create | Knight |
| 16:14 | Create | Knight |
| 16:29 | Build | House |
| 16:30 | Build | House |
| 16:31 | Build | House |
| 16:31 | Create | Villager (Male) |
| 16:31 | Create | Villager (Male) |
| 16:39 | Build | Farm |
| 16:41 | Build | Farm |
| 16:45 | Research | Gold Mining |
| 16:45 | Research | Gold Mining |
| 16:45 | Research | Gold Mining |
| 16:56 | Build | Farm |
| 17:02 | Create | Villager (Male) |
| 17:02 | Create | Villager (Male) |
| 17:06 | Build | Farm |
| 17:26 | Create | Villager (Male) |
| 17:42 | Create | Villager (Male) |
| 17:45 | Build | Farm |
| 17:46 | Build | Farm |
| 17:48 | Build | Farm |
| 17:52 | Create | Knight |
| 17:53 | Create | Scout Cavalry |
| 17:53 | Create | Villager (Male) |
| 18:06 | Create | Villager (Male) |
| 18:07 | Create | Villager (Male) |
| 18:12 | Build | House |
| 18:12 | Build | House |
| 18:13 | Build | House |
| 18:13 | Build | House |
| 18:13 | Build | House |
| 18:21 | Build | Farm |
| 18:23 | Build | Farm |
| 18:23 | Create | Villager (Male) |
| 18:30 | Create | Knight |
| 18:43 | Create | Villager (Male) |
| 18:43 | Create | Villager (Male) |
| 18:58 | Build | Farm |
| 19:00 | Create | Villager (Male) |
| 19:00 | Create | Villager (Male) |
| 19:16 | Create | Villager (Male) |
| 19:16 | Create | Villager (Male) |
| 19:17 | Create | Knight |
| 19:17 | Create | Knight |
| 19:38 | Create | Knight |
| 19:41 | Build | Farm |
| 19:45 | Build | Town Center |
| 19:46 | Create | Villager (Male) |
| 19:46 | Create | Villager (Male) |
| 19:52 | Build | House |
| 19:52 | Build | House |
| 20:00 | Create | Villager (Male) |
| 20:14 | Create | Villager (Male) |
| 20:24 | Build | Farm |
| 20:37 | Create | Knight |
| 20:37 | Create | Knight |
| 20:49 | Create | Villager (Male) |
| 20:49 | Create | Villager (Male) |
| 20:51 | Research | Chain Barding Armor |
| 20:52 | Research | Chain Barding Armor |
| 20:55 | Build | Farm |
| 20:55 | Build | Farm |
| 20:55 | Build | Farm |
| 20:55 | Build | Farm |
| 20:55 | Build | Farm |
| 21:02 | Build | House |
| 21:05 | Build | House |
| 21:06 | Build | House |
| 21:09 | Create | Villager (Male) |
| 21:09 | Create | Villager (Male) |
| 21:11 | Create | Knight |
| 21:22 | Build | Farm |
| 21:25 | Build | Farm |
| 21:36 | Research | Bloodlines |
| 22:06 | Create | Villager (Male) |
| 22:06 | Create | Villager (Male) |
| 22:12 | Build | Farm |
| 22:13 | Build | Farm |
| 22:15 | Build | Farm |
Build order — gjizhijian6866
110 actions detected in the replay
| 0:02 | Create | Villager (Male) |
| 0:02 | Create | Villager (Male) |
| 0:02 | Create | Villager (Male) |
| 0:03 | Build | House |
| 0:05 | Build | House |
| 0:10 | Create | Villager (Male) |
| 1:25 | Create | Villager (Male) |
| 2:01 | Create | Villager (Male) |
| 2:01 | Create | Villager (Male) |
| 2:21 | Create | Villager (Male) |
| 2:22 | Create | Villager (Male) |
| 2:50 | Create | Villager (Male) |
| 2:50 | Create | Villager (Male) |
| 3:05 | Create | Villager (Male) |
| 3:17 | Build | Lumber Camp |
| 3:21 | Create | Villager (Male) |
| 3:21 | Create | Villager (Male) |
| 3:31 | Build | House |
| 4:05 | Create | Villager (Male) |
| 4:05 | Create | Villager (Male) |
| 4:06 | Create | Villager (Male) |
| 4:31 | Create | Villager (Male) |
| 4:31 | Create | Villager (Male) |
| 4:32 | Create | Villager (Male) |
| 4:43 | Build | Mill |
| 5:06 | Build | House |
| 5:44 | Create | Villager (Male) |
| 6:01 | Build | House |
| 6:05 | Create | Villager (Male) |
| 6:16 | Build | Farm |
| 6:18 | Build | Farm |
| 6:20 | Create | Villager (Male) |
| 6:41 | Create | Villager (Male) |
| 7:13 | Build | Lumber Camp |
| 7:21 | Create | Villager (Male) |
| 7:48 | Create | Villager (Male) |
| 8:24 | Research | Feudal Age |
| 8:24 | Research | Feudal Age |
| 8:30 | Build | Farm |
| 8:55 | Build | Barracks |
| 10:33 | Create | Villager (Male) |
| 10:34 | Age | Feudal Age |
| 10:39 | Build | Stable |
| 10:44 | Build | Market |
| 10:56 | Create | Villager (Male) |
| 11:25 | Create | Villager (Male) |
| 11:39 | Build | Mining Camp |
| 11:52 | Research | Castle Age |
| 11:53 | Research | Castle Age |
| 12:17 | Research | Double-Bit Axe |
| 12:24 | Build | Stable |
| 12:33 | Build | House |
| 12:53 | Research | Horse Collar |
| 12:53 | Research | Horse Collar |
| 13:04 | Build | Farm |
| 13:18 | Build | Farm |
| 13:33 | Research | Gold Mining |
| 13:33 | Research | Gold Mining |
| 13:43 | Build | Farm |
| 13:46 | Build | Farm |
| 13:59 | Build | House |
| 14:14 | Build | Farm |
| 14:32 | Age | Castle Age |
| 14:33 | Build | House |
| 14:34 | Create | Villager (Male) |
| 14:35 | Create | Knight |
| 14:35 | Create | Knight |
| 14:57 | Create | Villager (Male) |
| 15:01 | Create | Knight |
| 15:13 | Build | House |
| 15:27 | Create | Villager (Male) |
| 15:33 | Create | Knight |
| 15:36 | Create | Villager (Male) |
| 15:49 | Build | Blacksmith |
| 16:00 | Create | Villager (Male) |
| 16:22 | Create | Knight |
| 16:30 | Create | Villager (Male) |
| 16:34 | Build | House |
| 16:50 | Create | Villager (Male) |
| 16:55 | Research | Scale Barding Armor |
| 17:07 | Build | Farm |
| 17:08 | Build | Farm |
| 17:10 | Build | Farm |
| 17:16 | Create | Camel Scout |
| 17:16 | Create | Camel Scout |
| 17:30 | Build | House |
| 17:37 | Create | Villager (Male) |
| 17:54 | Create | Knight |
| 17:54 | Create | Knight |
| 17:56 | Build | Farm |
| 17:58 | Build | Farm |
| 18:25 | Create | Villager (Male) |
| 18:29 | Build | Monastery |
| 18:31 | Create | Villager (Male) |
| 18:38 | Create | Camel Scout |
| 18:54 | Create | Camel Scout |
| 18:55 | Create | Camel Scout |
| 19:02 | Create | Villager (Male) |
| 19:12 | Create | Camel Scout |
| 19:29 | Create | Villager (Male) |
| 19:33 | Build | Town Center |
| 19:37 | Create | Camel Scout |
| 19:53 | Create | Monk |
| 19:54 | Build | House |
| 19:56 | Create | Camel Scout |
| 19:56 | Create | Camel Scout |
| 20:10 | Create | Camel Scout |
| 20:13 | Create | Villager (Male) |
| 20:29 | Build | House |
| 20:48 | Create | Villager (Male) |
Match timeline
| 5:45 | Nicholai · first_building Barracks |
| 7:59 | Plebadin · first_building Barracks |
| 8:51 | Plebadin · age_up feudal |
| 8:55 | gjizhijian6866 · first_building Barracks |
| 9:01 | Plebadin · first_building Archery Range |
| 9:08 | Nicholai · age_up feudal |
| 9:20 | Nicholai · first_building Archery Range |
| 9:21 | YYY___YYY · age_up feudal |
| 10:16 | PicknWiz · first_building Barracks |
| 10:17 | 大庆Song · first_building Barracks |
| 10:34 | gjizhijian6866 · age_up feudal |
| 10:34 | 大庆Song · age_up feudal |
| 10:39 | gjizhijian6866 · first_building Stable |
| 10:57 | PicknWiz · age_up feudal |
| 11:01 | PicknWiz · first_building Stable |
| 11:10 | 大庆Song · first_building Stable |
| 11:42 | gjizhijian6866 · first_market_sell 100 stone |
| 11:45 | YYY___YYY · wall_segment Palisade Wall x1 |
| 12:20 | Plebadin · wall_segment Palisade Wall x1 |
| 13:26 | YYY___YYY · wall_segment Palisade Wall x1 |
| 14:31 | PicknWiz · age_up castle |
| 14:32 | gjizhijian6866 · age_up castle |
| 14:57 | Plebadin · wall_segment Palisade Wall x1 |
| 16:14 | YYY___YYY · first_market_sell 100 wood |
| 16:46 | 大庆Song · age_up castle |
| 18:13 | YYY___YYY · wall_segment Stone Wall x11 |
| 18:26 | YYY___YYY · wall_segment Stone Wall x8 |
| 18:26 | Nicholai · wall_segment Palisade Wall x4 |
| 18:29 | gjizhijian6866 · first_building Monastery |
| 18:30 | Nicholai · wall_segment Palisade Wall x5 |
| 18:50 | gjizhijian6866 · first_market_buy 100 stone |
| 19:01 | YYY___YYY · wall_segment Stone Wall x3 |
| 19:11 | 大庆Song · first_building Monastery |
| 19:13 | YYY___YYY · age_up castle |
| 19:52 | YYY___YYY · wall_segment Stone Wall x3 |
| 20:08 | YYY___YYY · wall_segment Stone Wall x14 |
| 20:29 | Nicholai · resign |
| 20:42 | 大庆Song · first_building Siege Workshop |
| 20:47 | YYY___YYY · first_building Castle |
| 21:38 | Plebadin · age_up castle |
| 22:19 | YYY___YYY · wall_segment Palisade Wall x1 |
| 22:31 | PicknWiz · first_building Monastery |
| 23:13 | YYY___YYY · first_building Siege Workshop |
| 25:01 | YYY___YYY · wall_segment Stone Wall x3 |
| 25:33 | Plebadin · first_building Monastery |
| 25:41 | PicknWiz · first_market_sell 100 food |
| 27:48 | PicknWiz · first_market_buy 100 wood |
| 28:15 | YYY___YYY · first_market_buy 100 wood |
[ AI ANALYSIS · 1 CREDIT ]
What really happened in this match?
Wolo.gg analyzes every decision: build order, eco, micro, common mistakes by bracket. Personalized analysis on WhatsApp or Discord in 30 seconds.
Civ guide
Bengalis
Perfil
Jugador #5063993